 Dungeon Crawl Stone Soup version 0.18.1-8-gdd0e5ea (webtiles) character file.

120 santipi the Grave Robber (level 4, -3/30 HPs)
             Began as a Mummy Necromancer on June 11, 2016.
             Slain by a crocodile (14 damage)
             ... in a sewer.
             The game lasted 00:14:48 (2231 turns).

santipi the Grave Robber (Mummy Necromancer)        Turns: 2231, Time: 00:14:48

Health: -3/30      AC:  4    Str: 11    XL:     4   Next: 75%
Magic:  7/8        EV: 12    Int: 15    God:
Gold:   181        SH:  0    Dex: 12    Spells: 2 memorised, 3 levels left

rFire  x . .     SeeInvis .     e - +0 dagger (venom)
rCold  + . .     Gourm    .     h - +0 robe
rNeg   + + +     Faith    .     (no shield)
rPois  ∞         Spirit   .     (no helmet)
rElec  .         Dismiss  .     g - +1 cloak
rCorr  .         Reflect  .     (no gloves)
SustAt .         Harm     .     (no boots)
MR     .....                    (no amulet)
Stlth  ++........               (no ring)
                                (no ring)

@: not resistant to hostile enchantments, unstealthy
A: no food or potions, fire vulnerability, cold resistance 1, negative energy
resistance 3, torment resistance, unbreathing
a: no special abilities


You were in a sewer.
You were not hungry.

You visited 1 branch of the dungeon, and saw 3 of its levels.
You also visited: Sewer.

You collected 181 gold pieces.

Inventory:

Hand Weapons
 e - a +0 dagger of venom (weapon)
Armour
 g - a +1 cloak (worn)
 h - a +0 robe (worn)
Jewellery
 a - an uncursed amulet of regeneration {unknown}
Scrolls
 f - a scroll of remove curse
 i - 4 scrolls of identify
Books
 b - a book of Necromancy

   Spells                             Type                      Level
   a - Pain                           Necromancy                   1
   b - Animate Skeleton               Necromancy                   1
   c - Vampiric Draining              Necromancy                   3
   d - Regeneration                   Charms/Necromancy            3
   e - Animate Dead                   Necromancy                   4
   f - Control Undead                 Necromancy                   4


   Skills:
 + Level 0.2 Fighting
 + Level 0.2 Short Blades
   Level 0.1 Maces & Flails
 + Level 2.6 Dodging
 + Level 2.1 Stealth
 + Level 0.1 Unarmed Combat
 + Level 2.7 Spellcasting
 + Level 4.6 Necromancy


You had 3 spell levels left.
You knew the following spells:

 Your Spells              Type           Power        Failure   Level  Hunger
a - Pain                  Necr           ###.         3%          1    N/A
b - Animate Dead          Necr           N/A          34%         4    N/A

Dungeon Overview and Level Annotations

Branches:
Dungeon (3/15)

Altars:
Dithmenos
Gozag
Ru
Sif Muna


Innate Abilities, Weirdness & Mutations

You do not eat or drink.
Your flesh is vulnerable to fire.
You are immune to poison.
Your flesh is cold resistant.
You are immune to negative energy.
You are immune to unholy pain and torment.
You can survive without breathing.


Message History

Your kobold zombie barely misses the crocodile.
Your kobold zombie hits the crocodile but does no damage.
Your jackal zombie closely misses the crocodile.
Your kobold zombie hits the crocodile with a club.
Your kobold zombie hits the crocodile but does no damage.
You hit the crocodile but do no damage.
The crocodile is moderately wounded.
The crocodile closely misses you.
Your kobold zombie hits the crocodile but does no damage.
You hit the crocodile.
The crocodile is poisoned.
The crocodile is moderately wounded.
Your jackal zombie closely misses the crocodile.
Your kobold zombie barely misses the crocodile.
The crocodile bites you!
Your jackal zombie barely misses the crocodile.
You hit the crocodile but do no damage.
The crocodile looks even sicker.
The crocodile is moderately wounded.
Your kobold zombie hits the crocodile with a club.
The crocodile bites you!
You die...

#..≈≈.##
#.≈.#...#
#.≈###..##
#... #≈..#
#≈.# ##..#
#.. #..#
#.. #..#
#. ##≈≈#
#.. #..@#
#.. ##Zt##
#..≈#.ZZ#
#..≈≈Z##
#....≈#
##...##
#≈≈.#
.#≈#. ((#.
(


You could see a crocodile, 2 friendly jackal zombies and 2 friendly kobold
zombies.

Vanquished Creatures
  Natasha (D:2)
  An adder (D:2)
  An ooze (D:2)
  2 worms (D:2)
  3 dart slugs
  4 giant geckos
  An orc (D:3)
  6 giant cockroaches
  7 goblins
  3 hobgoblins
  7 jackals
  A bat (D:2)
  A giant newt (D:2)
  5 kobolds
  12 rats
55 creatures vanquished.

Vanquished Creatures (collateral kills)
  An adder (D:2)
  A giant gecko (D:2)
  A bat (D:3)
  A hobgoblin (D:3)
  2 jackals (D:3)
  A kobold (D:2)
  A giant newt (D:3)
  A rat (D:3)
9 creatures vanquished.

Grand Total: 64 creatures vanquished

Notes
Turn   | Place    | Note
--------------------------------------------------------------
     0 | D:1      | santipi the Mummy Necromancer began the quest for the Orb.
     0 | D:1      | Reached XP level 1. HP: 13/13 MP: 3/3
   225 | D:1      | Reached XP level 2. HP: 8/19 MP: 3/5
   664 | D:2      | Found an opulent altar of Gozag.
   792 | D:2      | Reached XP level 3. HP: 8/24 MP: 6/6
   901 | D:2      | Found a sacrificial altar of Ru.
  1120 | D:2      | Noticed Natasha
  1132 | D:2      | Killed Natasha
  1132 | D:2      | Reached XP level 4. HP: 16/30 MP: 7/7
  1141 | D:2      | Learned a level 4 spell: Animate Dead
  1829 | D:3      | Found a deep blue altar of Sif Muna.
  1973 | D:3      | Found a shadowy altar of Dithmenos.
  2136 | D:3      | Found a glowing drain.
  2140 | Sewer    | Entered a sewer
  2215 | Sewer    | Noticed a crocodile
  2231 | Sewer    | Slain by a crocodile

Skill      XL: |  1  2  3 |
---------------+----------+-----
Stealth        | 2 |  2.1
Dodging        | 2 |  2.6
Fighting       | |  0.2
Short Blades   | |  0.2
Maces & Flails | |  0.1
Unarmed Combat | |  0.1
Spellcasting   | |  2.7
Necromancy     | |  4.6

Action                   |  1- 3 |  4- 6 || total
-------------------------+-------+-------++-------
Melee: Whip              |    26 |       ||    26
       Unarmed           |     5 |       ||     5
       Dagger            |    72 |    89 ||   161
 Cast: Pain              |    14 |     3 ||    17
       Animate Dead      |       |     7 ||     7
  Use: Scroll            |     3 |     2 ||     5
 Stab: Sleeping          |     3 |     1 ||     4
Armor: Robe              |    17 |    35 ||    52
Dodge: Dodged            |    58 |   103 ||   161
